 Dungeon Crawl Stone Soup version 0.27.1-4-g1640c2035a (webtiles) character file.

Game seed: 6719817086699774794

1576 AarnesTheHuman the Slasher (level 8, -5/65 HPs)
             Began as a Barachi Fighter on Nov 1, 2021.
             Was a Priest of Cheibriados.
             Slain by a two-headed ogre (18 damage)
             ... on level 6 of the Dungeon.
             The game lasted 00:18:05 (6819 turns).

AarnesTheHuman the Slasher (Barachi Fighter)        Turns: 6819, Time: 00:18:06

Health: -5/65      AC:  8    Str: 34    XL:     8   Next: 91%
Magic:  10/10      EV:  9    Int: 16    God:    Cheibriados [***...]
Gold:   291        SH: 12    Dex: 20    Spells: 7/7 levels left

rFire    + . .     SeeInvis .   a - +1 falchion (elec)
rCold    . . .     Faith    .   c - +0 kite shield
rNeg     . . .     Spirit   .   t - +1 ring mail {rF+}
rPois    .         Reflect  .   (no helmet)
rElec    .         Harm     .   k - +0 cloak
rCorr    .         Rampage  .   (no gloves)
Will     .....                  (no boots)
Stlth    +.........             (no amulet)
HPRegen  0.20/turn              j - +6 ring of strength
MPRegen  0.12/turn              (no ring)

@: unable to hop, very slow
A: amphibious, slowness 1, strong legs 1, +LOS
a: Hop, Renounce Religion, Bend Time, Temporal Distortion


You were on level 6 of the Dungeon.
You worshipped Cheibriados.
Cheibriados was most pleased with you.
You visited 1 branch of the dungeon, and saw 6 of its levels.
You also visited: Sewer.

You collected 291 gold pieces.

Inventory:

Hand Weapons
 a - a +1 falchion of electrocution (weapon)
 b - a +2 double sword of holy wrath
 n - a +0 hunting sling
 C - a +1 long sword of flaming
Missiles
 f - 96 stones
 h - 52 bolts
 o - 6 poisoned darts (quivered)
 y - 3 boomerangs
Armour
 c - a +0 kite shield (worn)
 k - a +0 cloak (worn)
 t - a +1 ring mail of fire resistance (worn)
 u - a +0 scale mail
 B - +0 steam dragon scales
Jewellery
 j - a +6 ring of strength (left hand)
 s - a ring of flight
Wands
 g - a wand of acid (7)
Scrolls
 m - a scroll of brand weapon
 z - a scroll of acquirement
 G - 3 scrolls of summoning
 H - a scroll of fear
 J - a scroll of magic mapping
Potions
 d - 4 potions of might
 e - a potion of brilliance
 i - a potion of mutation {unknown}
 l - a potion of lignification {unknown}
 p - 3 potions of invisibility
 q - a potion of flight {unknown}
 r - a potion of curing
 v - a potion of resistance {unknown}
 w - 3 potions of heal wounds {unknown}
 x - a potion of degeneration {unknown}
 D - 2 potions of magic {unknown}
 I - a potion of cancellation {unknown}


   Skills:
 + Level 6.8 Fighting
 * Level 7.1 Long Blades
 + Level 6.8 Armour
 + Level 6.1 Shields
 + Level 3.4 Invocations


You had 7 spell levels left.
You didn't know any spells.
Your spell library contained the following spells:

 Spells                   Type           Power      Damage    Failure   Level
 Blink                    Tloc           N/A        N/A       83%         2
 Slow                     Hex            0%         N/A       83%         2
 Confusing Touch          Hex            0%         N/A       97%         3
 Vampiric Draining        Necr           0%         2d6       97%         3
 Manifold Assault         Tloc           0%         N/A       100%        5
 Storm Form               Tmut/Air       0%         N/A       100%        7


Dungeon Overview and Level Annotations

Branches:
Dungeon (6/15)             Temple (0/1) D:5           Sewer (visited)

Altars:
Ashenzari
Cheibriados
Gozag
Makhleb
Yredelemnul

Shops:
D:2 [   D:4 (

Annotations:
D:5 exclusion: downstairs


Innate Abilities, Weirdness & Mutations

You are amphibious.
You cover ground slowly.
You can hop short distances.
You have an extended range of vision and can be seen from far away.


Message History

The orc hits you with a +0 whip.
You hit something but do no damage. Lightning courses through something!
Something hits you but does no damage. You block the orc's attack.
The two-headed ogre completely misses you.
You riposte.
You hit the two-headed ogre but do no damage.
Lightning courses through the two-headed ogre!
The two-headed ogre is moderately wounded.
The two-headed ogre hits you with a +0 giant spiked club!!
Hop to where?
Press: ? - help, Dir - move target Boing!
As you read the scroll of fear, it crumbles to dust.
You assume a fearsome visage.
The orc looks frightened!
The two-headed ogre looks frightened!
The two-headed ogre hits your water moccasin zombie with a +0 giant spiked club!!
The two-headed ogre hits your water moccasin zombie with a +0 giant spiked club!
Your water moccasin zombie bites the two-headed ogre.
You catch the helpless two-headed ogre completely off-guard!
You hit the two-headed ogre.
Lightning courses through the two-headed ogre!
Your attack snaps the two-headed ogre out of its fear.
The two-headed ogre is heavily wounded.
Your water moccasin zombie bites the two-headed ogre.
You block the two-headed ogre's attack.
The two-headed ogre hits you with a +0 giant spiked club!
You hit the two-headed ogre.
Lightning courses through the two-headed ogre!
The two-headed ogre is severely wounded.
Your water moccasin zombie closely misses the two-headed ogre.
The two-headed ogre hits you with a +0 giant spiked club!
* * * LOW HITPOINT WARNING * * *
You block the two-headed ogre's attack.
Your water moccasin zombie barely misses the two-headed ogre.
You hit the two-headed ogre.
The two-headed ogre is severely wounded.
Your water moccasin zombie dissolves into shadows!
You block the two-headed ogre's attack.
The two-headed ogre hits you with a +0 giant spiked club!!
You die...

,,#oo......,,###.+####.###...####
,##.)#.....###....#.#....###)...#
*#..<#*#.........##.##...........
.....###...(.....#...#........##.
..........o.(...##...##..........
##......,*#.....#.....#..........
.#......,*#.....#.....#..........
........###....O.##.#.........###
.(...##......###@##ยง.............
.##.###.....##...[.(...###.......
#*#..###..#####..<.....#.#....#..
..#.#....## ##.....#........####
..........## #........#.#......#,
....#......# #..#.....###........
..#*#......###..#..##...##.....#.
,,*#...#....#.....#####..#.....#,
,,*#..###.....#....# **.........>


You could see a two-headed ogre and an orc (fleeing).

Vanquished Creatures
  A steam dragon (D:5)
  An orc warrior (D:4)
  A sky beast (D:5)
  2 ice beasts (D:4)
  A black bear (D:6)
  A necrophage (D:5)
  A centaur (D:6)
  2 bullfrogs (Sewer)
  A scorpion (D:4)
  A water moccasin skeleton (D:4)
  2 hounds (D:4)
  3 orc priests
  A bullfrog skeleton (D:3)
  4 orc wizards
  A mummy (D:3)
  7 adders
  A howler monkey skeleton (D:6)
  6 river rats
  A white imp (D:6)
  An ufetubus (D:5)
  5 worms
  17 orcs
  2 bats
  10 endoplasms
  7 giant cockroaches
  5 goblins
  9 hobgoblins
  4 jackals (D:1)
  4 kobolds
  2 quokkas (D:6)
  15 ball pythons
  4 frilled lizards
  29 rats
152 creatures vanquished.

Notes
Turn   | Place    | Note
-------+----------+-------------------------------------------
     0 | D:1      | AarnesTheHuman the Barachi Fighter began the quest for the
                  | Orb.
     0 | D:1      | Reached XP level 1. HP: 18/18 MP: 1/1
    29 | D:1      | Reached XP level 2. HP: 21/25 MP: 2/2
   671 | D:1      | Reached XP level 3. HP: 28/30 MP: 3/3
   704 | D:1      | Reached skill level 3 in Long Blades
   780 | D:1      | Found a faded altar of an unknown god.
  1189 | D:2      | Found Zixo's Antique Armour Shoppe.
  1793 | D:3      | Reached XP level 4. HP: 37/37 MP: 4/4
  1816 | D:3      | Reached XP level 5. HP: 23/43 MP: 5/5
  2243 | D:3      | Found a snail-covered altar of Cheibriados.
  2259 | D:3      | Became a worshipper of Cheibriados the Contemplative
  2352 | D:3      | Found a basalt altar of Yredelemnul.
  2684 | D:3      | Found a burning altar of Makhleb.
  2715 | D:4      | Found Xooleidd's Weapon Emporium.
  2783 | D:4      | Reached skill level 4 in Long Blades
  2865 | D:4      | Reached skill level 5 in Fighting
  2865 | D:4      | Reached XP level 6. HP: 43/51 MP: 6/6
  3364 | D:4      | Reached skill level 5 in Armour
  3364 | D:4      | Reached skill level 1 in Invocations
  3617 | D:5      | Entered Level 5 of the Dungeon
  3617 | D:5      | Noticed a steam dragon
  3658 | D:5      | Noticed a sky beast
  3927 | D:5      | Killed a sky beast
  3927 | D:5      | Reached * piety under Cheibriados
  3984 | D:5      | Found an opulent altar of Gozag.
  4031 | D:4      | Reached XP level 7. HP: 41/56 MP: 8/8
  4269 | D:5      | Identified a scroll of acquirement
  4269 | D:5      | Acquired a +2 double sword of holy wrath
  4320 | D:4      | Reached skill level 5 in Shields
  4612 | D:4      | Reached skill level 5 in Long Blades
  5237 | D:5      | Found a staircase to the Ecumenical Temple.
  5431 | D:5      | Killed a steam dragon
  5432 | D:5      | Reached XP level 8. HP: 52/64 MP: 8/10
  5808 | D:5      | Reached skill level 6 in Long Blades
  5818 | D:6      | Reached ** piety under Cheibriados
  5825 | D:6      | Found a broken altar of Ashenzari.
  5900 | D:6      | Found a glowing drain.
  5911 | Sewer    | Entered a sewer
  6187 | Sewer    | Reached *** piety under Cheibriados
  6664 | D:6      | Reached skill level 7 in Long Blades
  6756 | D:6      | Noticed a two-headed ogre
  6819 | D:6      | Slain by a two-headed ogre

Illustrated notes

Levels and vault maps discovered:
D:1:      scummos_arrival_simple_crosswalls, layout_basic,
          ebering_ecumenical_altar_box
D:2:      layout_basic, serial_shops, shop
D:3:      layout_rooms, mainiacjoe_overflow_alcove_1, amcnicky_altar_gilded,
          slow_altar_1, amethyst_killhole
D:4:      layout_loops_ring, serial_shops, shop
D:5:      layout_basic, kennysheep_mini_moat, temple_pool_b
D:6:      layout_cave_pools, nicolae_ashenzari_panopticon,
          jmf_multi_god_temple2, gup_sewer_entry_bubbles

Skill      XL: |  1  2  3  4  5  6  7  8 |
---------------+-------------------------+-----
Fighting       | 4 5 6 |  6.8
Armour         | 4 5 6 |  6.8
Long Blades    | 3 4 5 7 |  7.1
Shields        | 4 5 6 |  6.1
Invocations    | 1 2 3 |  3.4

Action                   |  1- 3 |  4- 6 |  7- 9 || total
-------------------------+-------+-------+-------++-------
Melee: Long sword        |    90 |   100 |       ||   190
       Double sword      |       |       |    50 ||    50
       Falchion          |       |       |   164 ||   164
Throw: Boomerang         |       |       |     8 ||     8
       Dart              |       |       |    12 ||    12
 Abil: Hop               |       |       |     3 ||     3
  Use: Scroll            |       |     9 |    11 ||    20
       Potion            |       |       |     2 ||     2
 Stab: Fleeing           |       |       |     1 ||     1
Armor: Scale mail        |    45 |    19 |       ||    64
       Ring mail         |       |    11 |    82 ||    93
Dodge: Dodged            |    29 |    22 |    88 ||   139
Block: Kite shield       |    48 |    50 |   151 ||   249
       Rpst.: Long sword |    10 |     9 |       ||    19
       Double sword      |       |       |     5 ||     5
       Falchion          |       |       |    21 ||    21
